 Dungeon Crawl Stone Soup version 0.28-a0-655-g4eb62b627b (webtiles) character file.

Game seed: 2941193881875559623

56 ytrimaz the Skirmisher (level 3, -2/61 HPs)
             Began as an Ogre Berserker on Oct 12, 2021.
             Was a Follower of Trog.
             Slain by a gnoll (8 damage)
             ... on level 2 of the Dungeon.
             The game lasted 00:02:25 (1464 turns).

ytrimaz the Skirmisher (Ogre Berserker)             Turns: 1464, Time: 00:02:26

Health: -2/61      AC:  3    Str: 22    XL:     3   Next: 97%
Magic:  3/3        EV: 10    Int:  8    God:    Trog [*.....]
Gold:   41         SH:  0    Dex:  8    Spells: 2/2 levels left

rFire   . . .      SeeInvis .   a - +0 mace
rCold   . . .      Faith    .   (no shield)
rNeg    . . .      Spirit   .   b - +0 animal skin
rPois   .          Reflect  .   (helmet restricted)
rElec   .          Harm     .   (no cloak)
rCorr   .          Rampage  .   (gloves unavailable)
Will    +....                   (boots unavailable)
Stlth   ..........              (no amulet)
HPRegen 0.20/turn               g - ring of willpower
MPRegen 0.08/turn               (no ring)

@: berserking (expiring), very quick
A: large, unfitting armour, tough skin 1
a: Renounce Religion, Berserk


You were on level 2 of the Dungeon.
You worshipped Trog.
Trog was aware of your devotion.
You visited 1 branch of the dungeon, and saw 2 of its levels.

You collected 41 gold pieces.

Inventory:

Hand Weapons
 a - a +0 mace (weapon)
Armour
 b - a +0 animal skin (worn)
Jewellery
 g - a ring of willpower (left hand)
Scrolls
 e - a scroll of enchant weapon {unknown}
 f - a scroll of identify {unknown}
Potions
 c - a potion of resistance {unknown}
 d - a potion of haste {unknown}


   Skills:
 * Level 4.9 Fighting
 * Level 3.5 Maces & Flails
 + Level 3.0 Dodging


You had 2 spell levels left.
You didn't know any spells.
Your spell library was empty.

Dungeon Overview and Level Annotations

Branches:
Dungeon (2/15)

Altars:


Innate Abilities, Weirdness & Mutations

You are too large for most types of armour.
You have tough skin. (AC +1)


Message History

The gnoll hits you with a +0 flail!
A red film seems to cover your vision as you go berserk!
You feel yourself moving faster!
You feel mighty! The gnoll hits you with a +0 flail!
You sock the gnoll!
The gnoll is almost dead.
The gnoll barely misses you.
You thump the gnoll!
You kill the gnoll!
Trog accepts your kill.
You completely miss the gnoll. The gnoll hits you but does no damage.
You barely miss the gnoll.
The gnoll hits you from afar with a +0 spear!
The gnoll hits you with a +0 club.
You sock the gnoll!
The gnoll is heavily wounded.
The gnoll hits you but does no damage.
You barely miss the gnoll.
The gnoll is heavily wounded.
The gnoll hits you with a +0 club.
You barely miss the gnoll.
The gnoll is heavily wounded.
The gnoll hits you from afar with a +0 spear.
* * * LOW HITPOINT WARNING * * *
The gnoll hits you with a +0 club!
* * * LOW HITPOINT WARNING * * *
You closely miss the gnoll.
The gnoll is heavily wounded.
The gnoll hits you but does no damage. The gnoll barely misses you.
You sock the gnoll!
You kill the gnoll!
Trog accepts your kill.
The gnoll hits you from afar with a +0 spear.
* * * LOW HITPOINT WARNING * * *
Your Dodging skill increases to level 3!
The gnoll barely misses you.
Items here: )) ††.
You closely miss the gnoll. You closely miss the gnoll.
The gnoll hits you with a +0 spear!
You die...

#..........###
#..........#
#..........#
#..........####...
##########......#
##.##########
#..#####.....
###.###....#
#....@g....#
##...####...#
########...##
#...# #.........##
#...# #.........#
#...g. #.....†..##
#...... #........#
#...#...
#........#
#...#...
#........#


You could see a gnoll.

Vanquished Creatures
  2 gnolls (D:2)
  An adder (D:2)
  A worm (D:2)
  A dart slug (D:2)
  A ball python (D:1)
  A bat (D:1)
  4 endoplasms (D:1)
  A giant cockroach (D:1)
  A goblin (D:1)
  5 hobgoblins
  A quokka (D:2)
  A kobold (D:2)
  2 rats (D:1)
22 creatures vanquished.

Notes
Turn   | Place    | Note
-------+----------+-------------------------------------------
     0 | D:1      | ytrimaz the Ogre Berserker began the quest for the Orb.
     0 | D:1      | Reached XP level 1. HP: 24/24 MP: 1/1
     6 | D:1      | Noticed an anaconda
     6 | D:1      | Noticed a swamp worm
     6 | D:1      | Noticed a hog
     7 | D:1      | Noticed a komodo dragon
     7 | D:1      | Noticed a swamp drake
   250 | D:1      | Reached XP level 2. HP: 26/32 MP: 2/2
  1001 | D:2      | Reached XP level 3. HP: 31/40 MP: 3/3
  1464 | D:2      | Slain by a gnoll

Illustrated notes

Levels and vault maps discovered:
D:1:      onia_arrival_zoo_common, layout_loops_ring
D:2:      layout_rooms, ebering_ecumenical_altar_sacrificial, serial_shops,
          shop, minmay_misc_feat_nine_boxes, hangedman_abyss_or_decor_stabs,
          uniq_terence, uniq_robin, uniq_sigmund

Skill      XL: |  1  2  3 |
---------------+----------+-----
Maces & Flails | 3 |  3.5
Dodging        | 3 |  3.0
Fighting       | |  4.9

Action                   || total
-------------------------++-------
Melee: Mace              ||    85
Invok: Berserk           ||     3
Armor: Animal skin       ||    30
Dodge: Dodged            ||    53

Table legend: (Time is in decaauts)
 A = Elapsed time spent in this place.
 B = Non-inter-level travel time spent in this place.
 C = Inter-level travel time spent in this place.
 D = Time resting spent in this place.
 E = Time spent auto-exploring this place.
 F = Levels seen in this place.
 G = Mean time per level.
                   A        B        C        D        E       F      G
               +--------+--------+--------+--------+--------+-----+--------+
         Total |   1498 |   1498 |      0 |    334 |    933 |   2 |  749.0 |
       Dungeon |   1498 |   1498 |      0 |    334 |    933 |   2 |  749.0 |
               +--------+--------+--------+--------+--------+-----+--------+

Top non-repeatable levels by time:
     D:1: 993 daAuts
     D:2: 504 daAuts
